 Dungeon Crawl Stone Soup version 0.30.1-11-g7821555f0a (webtiles) character file.

Game seed: 17326148587000955911

201 safid the Cudgeller (level 5, 0/33 HPs)
             Began as a Gargoyle Reaver on Dec 7, 2023.
             Slain by an orc priest
             ... wielding a +0 hand axe
              (2 damage)
             ... on level 4 of the Dungeon.
             The game lasted 00:06:32 (2693 turns).

safid the Cudgeller (Gargoyle Reaver)               Turns: 2693, Time: 00:06:32

Health: 0/33       AC: 27    Str: 15 (18) XL:     5   Next: 79%
Magic:  8/8        EV:  0    Int: 15 (16) God:
Gold:   182        SH:  0    Dex:  1 (8)  Spells: 8/9 levels left

rFire   . . .        o - +0 morningstar
rCold   . . .        (no shield)
rNeg    + . .        i - +8 orange crystal plate armour {Archmagi, Int+3 Clar}
rPois   ∞            (no helmet)
rElec   +            (no cloak)
rCorr   .            (no gloves)
SInv    .            (no boots)
Will    .....        (no amulet) Stlth
                     (no ring)
HPRegen 0.25/turn    (no ring)
MPRegen 0.11/turn

%: clarity, archmagi
@: silenced, invisible (expiring)
A: sickness immunity, AC +4, negative energy resistance 1, electricity
resistance, torment resistance 1, petrification resistance
a: no special abilities


You were on level 4 of the Dungeon.
You visited 1 branch of the dungeon, and saw 4 of its levels.

You collected 182 gold pieces.

Inventory:

Hand Weapons
 o - a +0 morningstar (weapon)
Armour
 i - the +8 orange crystal plate armour (worn) {Archmagi, Int+3 Clar}
   (You found it on level 2 of the Dungeon)

   Int:       It affects your intelligence (+3).
   Clar:      It protects you from confusion, rage, mesmerisation and fear.
Wands
 h - a wand of polymorph (11)
Scrolls
 a - a scroll of enchant armour {unknown}
 c - a scroll of magic mapping {unknown}
 d - a scroll of silence
 e - 3 scrolls of teleportation {unknown}
 g - 2 scrolls of blinking {unknown}
 j - a scroll of noise {unknown}
 k - a scroll of fear {unknown}
 p - 2 scrolls of identify {unknown}
Potions
 f - 2 potions of flight
 n - a potion of might {unknown}
 q - a potion of degeneration
 r - a potion of mutation {unknown}


   Skills:
 + Level 3.8 Fighting
 + Level 4.1 Maces & Flails
 + Level 2.3 Armour
 - Level 1.5 Dodging
 - Level 2.6 Spellcasting
 - Level 3.8 Conjurations


You had 8 spell levels left.
You knew the following spells:

 Your Spells              Type           Power      Damage    Failure   Level
a - Kiss of Death         Conj/Necr      44%        2d8       100%        1

Your spell library contained the following spells:

 Spells                   Type           Power      Damage    Failure   Level
 Necrotise                Necr           8%         1d4       100%        1
 Lesser Beckoning         Tloc           4%         N/A       100%        2
 Momentum Strike          Conj/Tloc      22%        3d8       100%        2
 Static Discharge         Conj/Air       22%        2-3/arc   100%        2
 Gell's Gravitas          Tloc           2%         N/A       100%        3
 Hailstorm                Conj/Ice       11%        3d5       100%        3
 Teleport Other           Tloc           2%         N/A       100%        3
 Vampiric Draining        Necr           2%         2d6       100%        3
 Volatile Blastmotes      Fire/Tloc      4%         2d10      100%        3
 Airstrike                Air            1%         2d(1-17)  100%        4
 Fulminant Prism          Conj/Hex       5%         3d7       100%        4
 Iskenderun's Mystic Bla  Conj/Tloc      11%        2d4       100%        4
 Summon Lightning Spire   Summ/Air       2%         N/A       100%        4
 Agony                    Necr           2%         N/A       100%        5
 Lee's Rapid Deconstruct  Erth           1%         3d4*      100%        5


Dungeon Overview and Level Annotations

Branches:
Dungeon (4/15)
 Temple: D:4-7

Altars:
Sif Muna
Vehumet

Annotations:
D:4 Eustachio


Innate Abilities, Weirdness & Mutations

You are immune to sickness and miasma.
Your stone body is resilient. (AC +4)
You are immune to poison.
You resist negative energy. (rN+)
You are resistant to electric shocks. (rElec)
You are resistant to unholy torment.
You are immune to petrification.


Message History

The orc priest hits you with a +0 hand axe.
The river rat bites you but does no damage.
The orc hits you but does no damage. x2
Unknown command.
You sock the orc!
You kill the orc!
Eustachio hits you but does no damage. The orc hits you but does no damage.
The orc priest hits you with a +0 hand axe.
* * * LOW HITPOINT WARNING * * *
The river rat bites you but does no damage.
Unknown command.
You puncture Eustachio!
Eustachio is almost dead.
Eustachio hits you but does no damage. The orc hits you but does no damage.
The orc priest hits you but does no damage.
The river rat bites you.
* * * LOW HITPOINT WARNING * * *
The river rat bites you but does no damage.
The orc priest hits you but does no damage.
Eustachio hits you but does no damage. The orc hits you but does no damage.
You closely miss Eustachio.
Eustachio is almost dead.
Eustachio hits you but does no damage. The orc hits you with a +0 hand axe.
* * * LOW HITPOINT WARNING * * *
The orc priest hits you but does no damage.
The river rat bites you but does no damage.
Unknown command.
You miss Eustachio.
Eustachio is almost dead.
Eustachio hits you with a +0 rapier.
* * * LOW HITPOINT WARNING * * *
The orc hits you but does no damage.
The orc priest hits you but does no damage.
The river rat bites you but does no damage.
You closely miss Eustachio.
Eustachio is almost dead.
You flicker for a moment.
The orc hits you but does no damage.
The orc priest hits you with a +0 hand axe.
You die...

.# .# #. .. #
.##.# ..# .#.
....## #.# ....
##....###.#
#..#####........#
#........###.@.###
#........##.....#
##......#.r@)#
#......####oo#
#....<.# ##.#
#........# #.##
########## ##.#
####.## #.....#
##........#
####.....#


You could see Eustachio (unable to see you), an orc priest (unable to see you),
a river rat (summoned, unable to see you) and an orc (unable to see you).

Vanquished Creatures
  An ogre (D:3)
  6 adders
  A worm (D:3)
  An orc (D:4)
  8 ball pythons
  7 endoplasms
  4 giant cockroaches
  7 goblins
  5 hobgoblins
  A quokka (D:2)
  4 bats
  8 frilled lizards
  3 kobolds
  4 rats
60 creatures vanquished.

Notes
Turn   | Place    | Note
-------+----------+-------------------------------------------
     0 | D:1      | safid the Gargoyle Reaver began the quest for the Orb.
     0 | D:1      | Reached XP level 1. HP: 12/12 MP: 3/3
   206 | D:1      | Reached XP level 2. HP: 18/18 MP: 5/5
   675 | D:1      | Reached XP level 3. HP: 22/22 MP: 6/6
   839 | D:2      | Found a shimmering blue altar of Sif Muna.
   861 | D:2      | Found the +8 orange crystal plate armour {Archmagi, Int+3
                  | Clar}
  1078 | D:2      | Reached XP level 4. HP: 24/27 MP: 7/7
  1240 | D:2      | Found a faded altar of an unknown god.
  1668 | D:3      | Found a radiant altar of Vehumet.
  2030 | D:3      | Reached skill level 1 in Armour
  2164 | D:3      | Noticed an ogre
  2174 | D:3      | Killed an ogre
  2175 | D:3      | Reached skill level 4 in Maces & Flails
  2175 | D:3      | Reached XP level 5. HP: 8/33 MP: 8/8
  2558 | D:4      | Noticed Eustachio
  2667 | D:4      | HP: 1/33 [river rat[Eustachio] (4)]
  2693 | D:4      | Slain by an orc priest

Illustrated notes

Levels and vault maps discovered:
D:1:      spicycebolla_arrival_clurvy, layout_basic, minmay_misc_feat_tower
D:2:      layout_basic, basic_altar, hellmonk_ecumenical_altar_run_dry,
          minmay_misc_feat_iff
D:3:      kennysheep_six_static_rooms, layout_basic,
          nicolae_overflow_hidden_temple, minmay_misc_feat_rows,
          kennysheep_generic_room_4
D:4:      layout_layer_cave, beargit_hepliaklqana_dungeon_heroes, tgw_xom,
          uniq_eustachio, uniq_pikel, uniq_crazy_yiuf_cottage

Skill      XL: |  1  2  3  4 |
---------------+-------------+-----
Fighting       | 3 |  3.8
Armour         | 2 |  2.3
Maces & Flails | 4 |  4.1
Dodging        | |  1.5
Spellcasting   | |  2.6
Conjurations   | |  3.8

Action                     |  1- 3 |  4- 6 || total
---------------------------+-------+-------++-------
  Melee: Mace              |   101 |    34 ||   135
         Punch             |     1 |       ||     1
         Morningstar       |       |   166 ||   166
    Use: Potion            |       |     7 ||     7
         Scroll            |       |     1 ||     1
 Armour: Leather armour    |    32 |       ||    32
         Crystal plate arm |    25 |   572 ||   597
  Dodge: Dodged            |    44 |    33 ||    77
